 Dungeon Crawl Stone Soup version 0.20.1-1-g8b1a95d66d (webtiles) character file.

75 Pixllover the Cudgeler (level 4, -2/40 HPs)
             Began as a Minotaur Berserker on Dec 20, 2017.
             Was a Believer of Trog.
             Killed from afar by an orc wizard (6 damage)
             ... with a magic dart
             ... on level 3 of the Dungeon.
             The game lasted 00:07:46 (1949 turns).

Pixllover the Cudgeler (Minotaur Berserker)         Turns: 1949, Time: 00:07:47

Health: -2/40      AC:  3    Str: 24    XL:     4   Next: 11%
Magic:  3/3        EV: 12    Int:  4    God:    Trog [**....]
Gold:   79         SH:  0    Dex: 10    Spells: 3/3 levels left

rFire    . . .     SeeInvis .   a - +1 mace
rCold    . . .     Gourm    .   (no shield)
rNeg     . . .     Faith    .   g - +0 leather armour
rPois    .         Spirit   .   (helmet restricted)
rElec    .         Reflect  .   (no cloak)
rCorr    .         Harm     .   (no gloves)
MR       .....                  (no boots)
Stlth    +.........             (no amulet)
Regen    0.2/turn               (no ring)
MPRegen  0.1/turn               (no ring)

@: berserk cooldown, slowed, very slow
A: retaliatory headbutt, horns 2, deterioration 1, strong 1
a: Berserk, Trog's Hand, Burn Spellbooks, Renounce Religion


You were on level 3 of the Dungeon.
You worshipped Trog.
Trog was pleased with you.
You were very hungry.

You visited 1 branch of the dungeon, and saw 3 of its levels.

You collected 79 gold pieces.

Inventory:

Hand Weapons
 a - a +1 mace (weapon)
Armour
 b - a +0 animal skin
 g - a +0 leather armour (worn)
Scrolls
 d - a scroll of enchant weapon
 h - 3 scrolls of magic mapping {unknown}
 k - a scroll of fear {unknown}
 m - a scroll of remove curse
 n - a scroll of recharging {unknown}
 o - 4 scrolls of teleportation {unknown}
 p - a scroll of amnesia {unknown}
Potions
 e - a potion of might {unknown}
 j - a potion of curing {unknown}
Comestibles
 c - 3 bread rations
 f - 4 chunks of flesh
 q - a meat ration


   Skills:
 + Level 4.2 Fighting
 + Level 5.0 Maces & Flails
 + Level 2.9 Armour
 + Level 2.7 Dodging


You had 3 spell levels left.
You didn't know any spells.

Dungeon Overview and Level Annotations

Branches:
Dungeon (3/15)

Altars:
Cheibriados


Innate Abilities, Weirdness & Mutations

You reflexively headbutt those who attack you in melee.
You have a pair of horns on your head.
Your body sometimes deteriorates upon taking damage.
Your muscles are strong. (Str +2)


Message History

The orc wizard casts a spell at you. The puff of flame misses you.
You hit the orc wizard but do no damage.
The orc wizard misses you.
The orc wizard hits you but does no damage.
Something hits you. The orc hits you with a short sword.
The orc wizard hits you with a dagger.
The orc wizard hits you but does no damage.
Something hits you. The orc hits you but does no damage.
You miss the orc wizard.
You feel less confused. The orc wizard hits you with a dagger.
* * * LOW HITPOINT WARNING * * *
The orc wizard barely misses you. Something hits you but does no damage.
The orc wizard casts a spell at you. The magic dart hits you!
* * * LOW HITPOINT WARNING * * *
The orc wizard gestures at you while chanting.
The magic dart hits you!
You die...

##......#...####........
######........#........
#.#...##.#.....?..
#.#..... #(##..... #####
#.####.###)##..... .....
........<.......>. #####
#.#######..##..... #
......o.# ..## #
#####.{@# .# # #.oo# # #
#...# # #...# # #...#
#...# #...# #...#


You could see 2 orc wizards and an orc.

Vanquished Creatures
  An adder (D:2)
  An ooze (D:1)
  A worm (D:3)
  2 dart slugs
  2 leopard geckos
  An orc (D:3)
  3 ball pythons
  5 bats
  A giant cockroach (D:2)
  6 goblins
  7 hobgoblins
  9 kobolds
  2 quokkas
  6 frilled lizards
  4 rats
51 creatures vanquished.

Notes
Turn   | Place    | Note
-------+----------+-------------------------------------------
     0 | D:1      | Pixllover the Minotaur Berserker began the quest for the Orb.
     0 | D:1      | Reached XP level 1. HP: 19/19 MP: 0/0
   149 | D:1      | Reached skill level 4 in Maces & Flails
   189 | D:1      | Reached XP level 2. HP: 18/27 MP: 1/1
   409 | D:1      | Gained mutation: Your body sometimes deteriorates upon taking damage. [potion of mutation]
   409 | D:1      | Gained mutation: Your muscles are strong. (Str +2) [potion of mutation]
   735 | D:2      | Reached XP level 3. HP: 33/33 MP: 2/2
  1131 | D:2      | Reached ** piety under Trog
  1266 | D:2      | Found a snail-covered altar of Cheibriados.
  1814 | D:3      | Reached XP level 4. HP: 40/40 MP: 3/3
  1936 | D:3      | Reached skill level 5 in Maces & Flails
  1949 | D:3      | Killed from afar by an orc wizard

Skill      XL: |  1  2  3  4 |
---------------+-------------+-----
Maces & Flails | 4 5 |  5.0
Fighting       | 4 |  4.2
Armour         | |  2.9
Dodging        | |  2.7

Action                   |  1- 3 |  4- 6 || total
-------------------------+-------+-------++-------
Melee: Mace              |    81 |    17 ||    98
       Headbutt          |     8 |       ||     8
Invok: Berserk           |       |     1 ||     1
  Use: Scroll            |     6 |       ||     6
       Potion            |     1 |     2 ||     3
  Eat: Chunk             |     2 |     1 ||     3
Armor: Animal skin       |     4 |       ||     4
       Leather armour    |    18 |     7 ||    25
Dodge: Dodged            |    92 |    24 ||   116
